 Dungeon Sprint DCSS version 0.27-a0-1291-geefcff550b (webtiles) character file.

Game seed: 17009335308511032948

84 mhtbhm the Covered (level 4, -5/45 HPs)
             Began as a Deep Dwarf Fighter on June 15, 2021.
             Slain by an iguana (9 damage)
             ... in the Dungeon (Sprint IX: "|||||||||||||||||||||||||||||").
             The game lasted 00:00:11 (139 turns).

mhtbhm the Covered (Deep Dwarf Fighter)              Turns: 139, Time: 00:00:12

Health: -5/45      AC:  7    Str: 21    XL:     4   Next: 24%
Magic:  4/4        EV:  8    Int:  8    God:
Gold:   0          SH: 10    Dex: 12    Spells: 3/3 levels left

rFire    . . .     SeeInvis .   a - +0 war axe
rCold    . . .     Faith    .   c - +0 kite shield
rNeg     . . .     Spirit   .   b - +0 scale mail
rPois    .         Reflect  .   (no helmet)
rElec    .         Harm     .   (no cloak)
rCorr    .         Rampage  .   (no gloves)
Will     .....     NoTele   +   (no boots)
Stlth    ..........             (no amulet)
HPRegen  0.00/turn              (no ring)
MPRegen  0.09/turn              (no ring)

@: no status effects
A: damage resistance, heal wounds, sense surroundings 1, no regeneration
a: Heal Wounds


You were in the Dungeon.
You visited 1 branch

Inventory:

Hand Weapons
 a - a +0 war axe (weapon)
Armour
 b - a +0 scale mail (worn)
 c - a +0 kite shield (worn)
Scrolls
 j - a scroll of blinking
Potions
 d - a potion of might
 e - a potion of curing
 f - a potion of heal wounds
 g - a potion of haste
 h - 2 potions of magic
 i - a potion of berserk rage


   Skills:
 + Level 4.5 Fighting
 + Level 4.3 Axes
 + Level 6.0 Armour
 + Level 0.3 Dodging
 + Level 5.9 Shields


You had 3 spell levels left.
You didn't know any spells.
Your spell library was empty.

Dungeon Overview and Level Annotations

Branches:
Dungeon (1/1)

Altars:


Innate Abilities, Weirdness & Mutations

You are resistant to damage.
You can heal yourself by infusing magical energy.
You passively map a small area around you.
You do not regenerate.


Message History

The scorpion poisons you! The scorpion barely misses you.
Unknown command.
Your shield prevents you from hitting the scorpion.
The scorpion is heavily wounded.
The scorpion barely misses you.
The scorpion stings you but does no damage.
Unknown command.
You hit the scorpion but do no damage.
The scorpion is heavily wounded.
The scorpion stings you. x2
You slash the scorpion!
You kill the scorpion!
The adder barely misses you.
Your Fighting skill increases to level 4!
Your Axes skill gained 2 levels and is now at level 4!
Your Armour skill increases to level 5!
Your Shields skill increases to level 5!
You have reached level 3!
Your experience leads to an increase in your attributes!
Increase (S)trength, (I)ntelligence, or (D)exterity?
You feel stronger.
You have reached level 4!
You feel stronger.
You completely miss the adder. You block the adder's attack.
The adder bites you.
You barely miss the adder. The adder barely misses you.
You block the adder's attack.
You slash the adder!
The adder is almost dead.
You block the adder's attack. The adder barely misses you.
You slash the adder!
You kill the adder!
You are no longer poisoned.
The iguana bites you but does no damage.
Your Armour skill increases to level 6!
You hit the iguana but do no damage. The iguana bites you!
* * * LOW HITPOINT WARNING * * *
You barely miss the iguana. The iguana barely misses you.
You hit the iguana but do no damage. The iguana bites you!
You die...

, , , , ** * ** *
* , , , , ** * *
** , ,,,, ,, + **
* * , , ,
▓▓▓▓▓▓▓▓▓▓▓▓▓▓▓▓▓▓
▓<...)....@lh....+
▓▓▓▓▓▓▓▓▓▓▓▓▓▓▓▓▓▓
*


You could see a black bear and an iguana.

Vanquished Creatures
  A scorpion (D)
  2 adders (D)
  An endoplasm (D)
  A goblin (D)
  A quokka (D)
  A bat (D)
  A kobold (D)
8 creatures vanquished.

Notes
Turn   | Place    | Note
-------+----------+-------------------------------------------
     0 | D        | mhtbhm the Deep Dwarf Fighter began the quest for the Orb.
     0 | D        | Reached XP level 1. HP: 20/20 MP: 1/1
   120 | D        | Noticed a scorpion
   120 | D        | Noticed an iguana
   120 | D        | Noticed a black bear
   123 | D        | Reached skill level 4 in Armour
   123 | D        | Reached XP level 2. HP: 28/28 MP: 2/2
   132 | D        | Killed a scorpion
   133 | D        | Reached skill level 5 in Armour
   133 | D        | Reached skill level 5 in Shields
   133 | D        | Reached XP level 3. HP: 13/37 MP: 3/3
   133 | D        | Reached XP level 4. HP: 16/45 MP: 4/4
   137 | D        | Reached skill level 6 in Armour
   139 | D        | Slain by an iguana

Illustrated notes

Levels and vault maps discovered:
D:        linesprint [early_d, line_temple, items_1, d_10, items_2, lair_1,
          lair_end, items_3, orc_1, orc_end, items_4, d_15, swamp_1, shoals_1,
          snake_1, spider_1, d_20, vaults_1, items_5, swamp_end, shoals_end,
          snake_end, spider_end, vaults_end, d_27, items_6, zot_1, zot_end,
          crypt_end, forest_end, elf_end, slime_end, tomb_end, abyss_end,
          pan_hell_end]

Skill      XL: |  1  2  3  4 |
---------------+-------------+-----
Fighting       | 3 4 |  4.5
Armour         | 4 5 6 |  6.0
Shields        | 4 5 |  5.9
Axes           | 4 |  4.3
Dodging        | |  0.3

Action                   |  1- 3 |  4- 6 || total
-------------------------+-------+-------++-------
Melee: War axe           |    22 |     7 ||    29
Armor: Scale mail        |    11 |     1 ||    12
Dodge: Dodged            |     7 |     3 ||    10
Block: Kite shield       |    12 |     3 ||    15

Table legend: (Time is in decaauts)
 A = Elapsed time spent in this place.
 B = Non-inter-level travel time spent in this place.
 C = Inter-level travel time spent in this place.
 D = Time resting spent in this place.
 E = Time spent auto-exploring this place.
 F = Levels seen in this place.
 G = Mean time per level.
                   A        B        C        D        E       F      G
               +--------+--------+--------+--------+--------+-----+--------+
         Total |    154 |    154 |      0 |    100 |      3 |   1 |  154.0 |
       Dungeon |    154 |    154 |      0 |    100 |      3 |   1 |  154.0 |
               +--------+--------+--------+--------+--------+-----+--------+

Top non-repeatable levels by time:
       D: 154 daAuts
